 Dungeon Crawl Stone Soup version 0.30-a0-883-g5ad918d77d (webtiles) character file.

Game seed: 12244134064106487769

5173 Sanktem7 the Cleaver (level 10, -6/89 (90) HPs)
             Began as a Minotaur Fighter on Mar 16, 2023.
             Was a Believer of Okawaru.
             Mangled by a yak (7 damage)
             ... summoned by an orange crystal statue
             ... on level 9 of the Dungeon.
             The game lasted 00:15:08 (7440 turns).

Sanktem7 the Cleaver (Minotaur Fighter)             Turns: 7440, Time: 00:15:08

HP:   -6/89 (90)    AC: 13    Str: 26    XL:     10   Next: 34%
MP:   0/11          EV: 10    Int:  5    God:    Okawaru [**....]
Gold: 503           SH:  0    Dex:  9    Spells: 9/9 levels left

rFire   . . .      SeeInvis .    a - +1 war axe {axe}
rCold   + . .      Faith    .    c - +0 buckler
rNeg    . . .      Spirit   .    H - +0 swamp dragon scales
rPois   +          Reflect  .    (helmet restricted)
rElec   .          Rampage  .    u - +0 cloak
rCorr   .                        i - +1 pair of gloves {hurl}
Will    .....                    (no boots) Stlth
                                 n - amulet of regeneration {@e2}
HPRegen 1.14/turn                (no ring)
MPRegen 0.12/turn                (no ring)

@: confused, lightly drained
A: horns 2, retaliatory headbutt, cold resistance 1
a: Renounce Religion, Heroism


You were on level 9 of the Dungeon.
You worshipped Okawaru.
Okawaru was pleased with you.
You visited 2 branches of the dungeon, and saw 10 of its levels.

You collected 503 gold pieces.


Innate Abilities, Weirdness & Mutations

You have a pair of horns on your head.
You reflexively headbutt those who attack you in melee.
Your flesh is cold resistant. (rC+)


   Skills:
 + Level 8.7 Fighting
 * Level 11.5 Axes
 + Level 8.8 Armour
 + Level 8.7 Shields
 + Level 3.8 Invocations


You had 9 spell levels left.
You didn't know any spells.
Your spell library contained the following spells:

 Spells                   Type           Power      Damage    Failure   Level
 Hailstorm                Conj/Ice       0%         3d3       95%         3
 Inner Flame              Hex/Fire       0%         N/A       95%         3
 Ozocubu's Armour         Ice            0%         N/A       95%         3
 Flame Wave               Conj/Fire      0%         2d4       100%        4
 Ice Form                 Ice/Tmut       0%         N/A       100%        4
 Passage of Golubria      Tloc           0%         N/A       100%        4
 Sticky Flame             Conj/Fire      0%         2d3       100%        4
 Iskenderun's Battlesphe  Conj           0%         2d6       100%        5
 Silence                  Hex/Air        0%         N/A       100%        5
 Iron Shot                Conj/Erth      0%         9d1       100%        6
 Ozocubu's Refrigeration  Ice            0%         4d7       100%        7
 Lehudib's Crystal Spear  Conj/Erth      0%         10d2      100%        8
 Simulacrum               Ice/Necr       Unusable   N/A       N/A         6
 Spellforged Servitor     Conj/Summ      Unusable   N/A       N/A         7

Inventory:

Hand Weapons
 a - a +1 war axe (weapon) {axe}
 r - a +0 whip of venom {mace}
   (You took it off a gnoll on level 8 of the Dungeon)
 t - a +1 morningstar of protection {mace}
   (You took it off an orc on level 8 of the Dungeon)
 v - a +4 mace of freezing {mace}
   (You took it off a wight on level 4 of the Dungeon)
 w - a +1 trident of holy wrath {polearm}
   (You took it off a gnoll sergeant on level 8 of the Dungeon)
 N - a +1 dagger of electrocution {short}
   (You took it off a kobold on level 9 of the Dungeon)
 Q - a +0 short sword of electrocution {short}
   (You took it off a kobold brigand on level 9 of the Dungeon)
 R - a +0 whip of draining {mace}
   (You took it off a gnoll on level 9 of the Dungeon)
Missiles
 g - 76 stones (quivered) {throwing}
 q - 2 throwing nets {=f!fthrowing}
 y - 5 boomerangs {throwing}
 B - 26 poisoned darts {throwing}
 P - a curare-tipped dart {=fthrowing}
Armour
 c - a +0 buckler (worn)
 i - a +1 pair of gloves of hurling (worn)
   (You found it on level 4 of the Dungeon)
 u - a +0 cloak (worn)
   (You took it off Crazy Yiuf on level 2 of the Dungeon)
 H - +0 swamp dragon scales (worn)
   (You took it off Maggie on level 7 of the Dungeon)
Magical Staves
 M - a staff of earth {!astaff}
   (You found it on level 9 of the Dungeon)
Jewellery
 n - an amulet of regeneration (around neck) {@e2}
   (You found it on level 2 of the Dungeon)
 I - a ring of ice
   (You took it off a kobold on level 9 of the Dungeon)
 J - a +4 ring of protection
   (You took it off a kobold on level 9 of the Dungeon)
Wands
 p - a wand of iceblast (3)
   (You found it on level 2 of the Dungeon)
 z - a wand of flame (17)
   (You found it on level 3 of the Dungeon)
 E - a wand of polymorph (10)
   (You found it on level 8 of the Dungeon)
 F - a wand of digging (4)
   (You took it off Eustachio on level 6 of the Dungeon)
Scrolls
 f - 3 scrolls of enchant weapon
 j - 3 scrolls of teleportation {@r4}
 m - a scroll of amnesia
 x - a scroll of immolation {!r!r}
 C - a scroll of acquirement {unknown}
 K - a scroll of vulnerability {!r!r}
 O - 2 scrolls of identify {@r1}
Potions
 b - a potion of mutation {!q}
 d - 4 potions of might
 e - 3 potions of curing {@q1}
 h - a potion of heal wounds {unknown}
 k - 2 potions of lignification {!q}
 l - 2 potions of invisibility {unknown}
 o - 2 potions of cancellation {unknown}
 s - 5 potions of brilliance {unknown}
 A - a potion of ambrosia {unknown}
 D - 3 potions of resistance {unknown}
 G - 2 potions of flight {unknown}
Miscellaneous
 L - a lightning rod (4/4)
   (You found it on level 9 of the Dungeon)

Dungeon Overview and Level Annotations

Branches:
Dungeon (9/15) Zot: 25687  Temple (1/1) D:7 Zot: 5938    Lair (0/5) D:9
    Orc: D:9-12

Altars:
Ashenzari
Cheibriados
Dithmenos
Elyvilon
Fedhas
Gozag
Kikubaaqudgha
Makhleb
Nemelex Xobeh
Okawaru
Qazlal
Ru
Sif Muna
Trog
Uskayaw
Vehumet
Wu Jian
Xom
Yredelemnul
Zin
The Shining One
Jiyva

Annotations:
D:3 3 runed translucent doors, Juicyj's ghost, weakling MiGl
D:9 3 runed translucent doors, exclusion: orange crystal statue, patfeehan111222's ghost, novice MiBe

#.#. ..##.# .#.. #.#.
##....###....# #.#.
#............# #.#.
.##............# #.#.
...............# #...
#............# ####
#...YY......##### #...
#..YY@8.....#... #.##
#...YYD.....#.# #.##
#.............### #.#<
######................###.##
#.........................).
####.####.............)..###.##
#....##########............###
#....'.)....# ####....)...##)_[
#....######.# #.......##..$.


You could see an orange crystal statue, 6 yaks and a steam dragon (summoned).


Message History

The centaur hits you but does no damage.
You block the centaur's attack. 😨 HP[-10]
You take 10 damage, and now have 44/89 hp.
You slice the centaur!!
You kill the centaur!
The centaur's corpse dissolves into shadows!
You barely miss the wight. You slash the wight!
You hit the killer bee but do no damage.
The killer bee stings you but does no damage.
The orange crystal statue fixes its piercing gaze on you.
The wight hits you with a +1 falchion!
* * * LOW HITPOINT WARNING * * *
You block the wight's attack.
The killer bee stings you but does no damage. 😨 HP[-6]
You take 6 damage, and now have 38/89 hp.
You barely miss the wight. x3; You barely miss the killer bee.
The killer bee stings you but does no damage.
The orange crystal statue fixes its piercing gaze on you.
The wight barely misses you. The wight hits you with a +0 scimitar.
* * * LOW HITPOINT WARNING * * *
You slash the wight! You hit the wight but do no damage. You slash the wight!
You barely miss the wight. You barely miss the killer bee.
The killer bee stings you but does no damage.
The killer bee stings you.
* * * LOW HITPOINT WARNING * * *
The wight hits you but does no damage. The wight completely misses you.
The wight barely misses you. The wight hits you with a +0 scimitar!
* * * LOW HITPOINT WARNING * * *
😨 HP[-13]
You take 13 damage, and now have 25/89 hp.
You barely miss the wight. You hit the wight.
You destroy the wight!
The wight dissolves into shadows!
You slash the wight!
You destroy the wight!
The wight dissolves into shadows!
You barely miss the wight. You miss the killer bee.
The killer bee stings you but does no damage.
The killer bee barely misses you. You furiously retaliate!
You headbutt the killer bee!
The orange crystal statue glitters.
You resist with some effort.
The wight hits you with a +3 dire flail.
* * * LOW HITPOINT WARNING * * *
The wight hits you but does no damage. 😨 HP[-2]
You take 2 damage, and now have 23/89 hp.
You closely miss the wight. Your headbutt misses the wight.
You closely miss the wight. You closely miss the killer bee.
The killer bee stings you but does no damage.
The killer bee closely misses you. The wight hits you but does no damage.
The wight closely misses you. You furiously retaliate!
You headbutt the wight!
You destroy the wight!
The wight dissolves into shadows! 😨 HP[+1]
You hit the wight but do no damage. You hit the killer bee.
You kill the killer bee!
The killer bee's corpse dissolves into shadows!
The orange crystal statue fixes its piercing gaze on you.
The wight hits you with a +3 dire flail!
* * * LOW HITPOINT WARNING * * *
😱 HP[-7]
You take 7 damage, and now have 17/89 hp.
You slash the wight!
You destroy the wight!
The wight dissolves into shadows! 😱 HP[+1] MP[+1] 😱 HP[+1]
You hit the orange crystal statue.
You headbutt the orange crystal statue, but do no damage.
The orange crystal statue glitters.
You are confused. 😱 HP[+1]
The orange crystal statue glitters. 😱 HP[+2]
You regained 2 hp, and now have 22/89 hp.
You slash the yak! You barely miss the yak.
You slash the orange crystal statue! You slash the yak!
The orange crystal statue fixes its piercing gaze on you.
You feel your power leaking away. 😨 HP[+1] MP[-1]
You lost 1 mp, and now have 0/11 mp.
Okay, then.
You are too confused!
You hit the orange crystal statue.
Your headbutt misses the orange crystal statue.
You slash the yak! You hit the yak but do no damage. You slash the yak!
The yak gores you but does no damage. The yak gores you.
* * * LOW HITPOINT WARNING * * *
The orange crystal statue fixes its piercing gaze on you.
The steam dragon bites you.
* * * LOW HITPOINT WARNING * * *
The steam dragon claws you but does no damage.
The yak gores you!
* * * LOW HITPOINT WARNING * * *
The yak barely misses you. The yak gores you!
* * * LOW HITPOINT WARNING * * *
The yak gores you!
You die...

Skill      XL: |  1  2  3  4  5  6  7  8  9 10 |
---------------+-------------------------------+-----
Axes           | 3 4 5 6 7 9 10 11 | 11.5
Fighting       | 4 5 6 7 8 |  8.7
Shields        | 4 5 6 7 8 |  8.7
Armour         | 4 5 6 7 8 |  8.8
Invocations    | 3 |  3.8

Action                     |  1- 3 |  4- 6 |  7- 9 | 10-12 || total
---------------------------+-------+-------+-------+-------++-------
  Melee: War axe           |    82 |   124 |   251 |   107 ||   564
         Headbutt          |    12 |    24 |    35 |    22 ||    93
    Use: Scroll            |       |     4 |     9 |       ||    13
         Potion            |       |       |     1 |       ||     1
 Armour: Scale mail        |    43 |    52 |       |       ||    95
         Ring mail         |       |    23 |    87 |       ||   110
         Swamp dragon scal |       |       |    29 |    86 ||   115
  Dodge: Dodged            |    45 |    65 |   116 |    92 ||   318
  Block: Buckler           |    26 |    14 |    66 |    36 ||   142

Levels and vault maps discovered:
D:1:      lightli_arrival_quake, layout_basic, serial_park_tiny_1
D:2:      layout_loops_ring, st_stairs_7, uniq_crazy_yiuf_cottage
D:3:      corexii_shack_village, layout_basic,
          yredelemnul_forgotten_temple_becter, chequers_ecumenical_altar_island,
          gammafunk_ghost_icy
D:4:      layout_layer_cave
D:5:      layout_basic, mainiacjoe_overflow_chevrons, hangedman_decor_lopped,
          mrwooster_statue_mirror
D:6:      layout_gridville, lightli_temple_of_fire, uniq_eustachio
D:7:      layout_basic, minmay_temple_entry_stoned_glass, grunt_decor_clamped,
          grunt_livestock, uniq_maggie, uniq_joseph
D:8:      layout_basic
D:9:      layout_basic, lemuel_doored_altar, lair_entry_dummy,
          gammafunk_ghost_ooze, enter_bailey_2, minivault_16
Temple:   nicolae_temple_bog_church

Notes
Turn   | Place    | Note
-------+----------+-------------------------------------------
     0 | D:1      | Sanktem7 the Minotaur Fighter began the quest for the Orb.
     0 | D:1      | Reached XP level 1. HP: 19/19 MP: 0/0
     0 | D:1      | magus.rc [v1.9.6]
     1 | D:1      | You pick up a book of the Moon and begin reading...
     1 | D:1      | You add the spells Passage of Golubria, Silence and
                  | Lehudib's Crystal Spear to your library.
    92 | D:1      | Reached XP level 2. HP: 27/27 MP: 1/1
   178 | D:1      | Reached skill level 3 in Axes
   394 | D:1      | Reached skill level 4 in Fighting
   394 | D:1      | Reached skill level 4 in Shields
   394 | D:1      | Reached XP level 3. HP: 21/33 MP: 2/2
   443 | D:1      | You add the spells Ozocubu's Armour and Ozocubu's
                  | Refrigeration to your library.
   572 | D:1      | Reached skill level 4 in Armour
   825 | D:2      | Reached XP level 4. HP: 30/40 MP: 3/3
  1179 | D:2      | Found a runed translucent door.
  1180 | D:2      | Noticed Crazy Yiuf
  1292 | D:2      | Killed Crazy Yiuf
  1293 | D:2      | Reached skill level 4 in Axes
  1410 | D:3      | Found a faded altar of an unknown god.
  1581 | D:3      | Reached XP level 5. HP: 38/47 MP: 4/4
  1605 | D:3      | HP: 11/47 [something (3)]
  1624 | D:3      | Reached skill level 5 in Axes
  1669 | D:3      | Noticed Juicyj's ghost (weakling MiGl)
  1713 | D:3      | Found a runed translucent gate.
  1713 | D:3      | Found a runed translucent gate.
  1713 | D:3      | Found a runed translucent gate.
  1801 | D:3      | Reached XP level 6. HP: 55/55 MP: 5/5
  1858 | D:3      | Reached skill level 5 in Armour
  1882 | D:3      | Reached skill level 5 in Fighting
  2066 | D:3      | Found a basalt altar of Yredelemnul.
  2338 | D:4      | Reached skill level 5 in Shields
  2486 | D:4      | Reached skill level 6 in Axes
  2489 | D:4      | Reached XP level 7. HP: 26/61 MP: 6/6
  2644 | D:4      | You pick up a book of Power and begin reading...
  2644 | D:4      | You add the spells Iskenderun's Battlesphere, Iron Shot and
                  | Spellforged Servitor to your library.
  3276 | D:5      | Entered Level 5 of the Dungeon
  3557 | D:5      | Found a stormy altar of Qazlal.
  3566 | D:5      | Reached skill level 7 in Axes
  3566 | D:5      | Reached skill level 6 in Armour
  3627 | D:5      | Reached skill level 6 in Fighting
  3627 | D:5      | Reached skill level 6 in Shields
  3728 | D:5      | Reached XP level 8. HP: 70/70 MP: 7/7
  4047 | D:6      | Noticed Eustachio
  4065 | D:6      | Killed Eustachio
  4081 | D:6      | Reached skill level 8 in Axes
  4189 | D:6      | Reached skill level 7 in Fighting
  4189 | D:6      | Reached skill level 7 in Armour
  4189 | D:6      | Reached skill level 7 in Shields
  4202 | D:6      | Reached skill level 9 in Axes
  4237 | D:6      | You pick up a book of the Tundra and begin reading...
  4237 | D:6      | You add the spells Hailstorm, Ice Form and Simulacrum to
                  | your library.
  4457 | D:6      | Found a burning altar of Makhleb.
  4535 | D:6      | Gained mutation: Your flesh is cold resistant. (rC+)
                  | [potion of mutation]
  4614 | D:7      | Found a staircase to the Ecumenical Temple.
  4623 | Temple   | Entered the Ecumenical Temple
  4659 | Temple   | Became a worshipper of Warmaster Okawaru
  4764 | D:7      | Reached XP level 9. HP: 71/79 MP: 8/8
  5131 | D:7      | Noticed Joseph
  5144 | D:7      | Killed Joseph
  5145 | D:7      | Reached skill level 1 in Invocations
  5188 | D:7      | Noticed Maggie
  5202 | D:7      | HP: 15/79 [Maggie/+0 scimitar of pain (9)]
  5203 | D:7      | Killed Maggie
  5203 | D:7      | Reached * piety under Okawaru
  5204 | D:7      | Reached skill level 10 in Axes
  5204 | D:7      | Reached skill level 2 in Invocations
  5578 | D:8      | You pick up a book of Flames and begin reading...
  5578 | D:8      | You add the spells Inner Flame, Sticky Flame and Flame Wave
                  | to your library.
  5610 | D:8      | Reached skill level 8 in Armour
  5611 | D:8      | Reached skill level 8 in Fighting
  5611 | D:8      | Reached skill level 8 in Shields
  5679 | D:8      | Reached ** piety under Okawaru
  5680 | D:8      | Reached skill level 3 in Invocations
  6156 | D:8      | Reached XP level 10. HP: 35/89 MP: 11/11
  6157 | D:8      | Reached skill level 11 in Axes
  6433 | D:9      | Found a staircase to the Lair.
  6596 | D:9      | Found an ornate altar of the Wu Jian Council.
  6658 | D:9      | Noticed an orange crystal statue
  6681 | D:9      | HP: 22/90 [yak[an orange crystal statue] (10)]
  6686 | D:9      | HP: 15/90 [kobold brigand/+0 glaive (1)]
  6691 | D:9      | HP: 17/90 [yak[an orange crystal statue] (1)]
  6698 | D:9      | HP: 19/90 [yak[an orange crystal statue] (8)]
  6707 | D:9      | HP: 11/90 [yak[an orange crystal statue] (8)]
  6716 | D:9      | HP: 19/90 [poisoned by a kobold]
  6721 | D:9      | HP: 19/90 [poisoned by a kobold]
  7334 | D:9      | Found a runed translucent gate.
  7334 | D:9      | Found a runed translucent gate.
  7335 | D:9      | Found a runed translucent gate.
  7336 | D:9      | Noticed patfeehan111222's ghost (novice MiBe)
  7378 | D:9      | Found a viscous altar of Jiyva.
  7434 | D:9      | HP: 17/89 [wight/+3 dire flail[an orange crystal statue]
                  | (8)]
  7440 | D:9      | HP: 22/89 [yak[an orange crystal statue] (2)]
  7440 | D:9      | HP: 10/89 [yak[an orange crystal statue] (11)]
  7440 | D:9      | HP: 1/89 [yak[an orange crystal statue] (9)]
  7440 | D:9      | Mangled by a yak

Vanquished Creatures
  Joseph (D:7)
  Maggie (D:7)
  A hornet (D:8)
  3 yaks (D:9)
  3 wyverns
  Eustachio (D:6)
  A steam dragon (D:6)
  An acid dragon (D:8)
  2 water moccasins
  2 orc warriors
  2 sky beasts
  3 black bears
  5 ice beasts
  A phantom (D:5)
  A centaur (D:9)
  4 kobold brigands
  2 bullfrogs (D:7)
  2 gnoll sergeants
  A scorpion (D:5)
  5 wights (D:4)
  2 jellies
  Crazy Yiuf (D:2)
  3 orc priests
  2 hounds
  3 iguanas
  A sleepcap (D:6)
  9 orc wizards
  8 gnolls
  4 adders
  2 shadow imps
  A white imp (D:6)
  An ufetubus (D:5)
  2 worms
  3 dart slugs
  30 orcs
  6 bats
  6 endoplasms
  4 giant cockroaches
  12 goblins
  11 hobgoblins
  2 quokkas
  13 ball pythons
  4 frilled lizards
  24 kobolds
  4 rats
  A spectral orc (D:3)
201 creatures vanquished.

Vanquished Creatures (others)
  2 plants (D:3)
2 creatures vanquished.

Grand Total: 203 creatures vanquished

Table legend:
 A = Non-vault XP
 B = Vault XP
 C = Vault XP percentage of total XP
 D = Non-vault monster count
 E = Vault monster count
 F = Vault count percentage of total count
                 A         B        C        D         E       F
            +---------+---------+-------+---------+---------+-------
      Total |    6279 |    1111 |  15.0 |     179 |      22 |  10.9
            +---------+---------+-------+---------+---------+-------
        D:1 |      46 |       0 |   0.0 |      26 |       0 |   0.0
        D:2 |      66 |      46 |  41.1 |      17 |       4 |  19.0
        D:3 |     277 |      32 |  10.4 |      27 |      15 |  35.7
        D:4 |     426 |       0 |   0.0 |      16 |       0 |   0.0
        D:5 |     573 |       0 |   0.0 |      10 |       0 |   0.0
        D:6 |    1032 |     196 |  16.0 |      14 |       1 |   6.7
        D:7 |     739 |     837 |  53.1 |      18 |       2 |  10.0
        D:8 |    1522 |       0 |   0.0 |      19 |       0 |   0.0
        D:9 |    1598 |       0 |   0.0 |      32 |       0 |   0.0
            +---------+---------+-------+---------+---------+-------

Illustrated notes

Table legend:
 A = Kills in this place as a percentage of kills in the entire game.
 B = Kills by you in this place as a percentage of kills by you in the entire game.
 C = Kills by friends in this place as a percentage of kills by friends in the entire game.
 D = Other kills in this place as a percentage of other kills in the entire game.
 E = Experience gained in this place as a percentage of experience gained in the entire game.
 F = Experience gained in this place divided by the number of levels of this place that you have seen.
                   A       B       C       D       E      F
               +-------+-------+-------+-------+-------+----------------------
         Total | 100.0 | 100.0 |   N/A |   N/A | 100.0 | 739.0
       Dungeon | 100.0 | 100.0 |   N/A |   N/A | 100.0 | 821.1
               +-------+-------+-------+-------+-------+----------------------

Table legend: (Time is in decaauts)
 A = Elapsed time spent in this place.
 B = Non-inter-level travel time spent in this place.
 C = Inter-level travel time spent in this place.
 D = Time resting spent in this place.
 E = Time spent auto-exploring this place.
 F = Levels seen in this place.
 G = Mean time per level.
                   A        B        C        D        E       F      G
               +--------+--------+--------+--------+--------+-----+--------+
         Total |   7553 |   7315 |    238 |    162 |   5162 |  10 |  755.3 |
       Dungeon |   7492 |   7254 |    238 |    162 |   5138 |   9 |  832.4 |
        Temple |     61 |     61 |      0 |      0 |     23 |   1 |   61.0 |
               +--------+--------+--------+--------+--------+-----+--------+

Top non-repeatable levels by time:
     D:9: 1258 daAuts
     D:4: 1014 daAuts
     D:3: 942 daAuts
     D:7: 890 daAuts
     D:5: 769 daAuts
     D:2: 758 daAuts
     D:8: 657 daAuts
     D:1: 637 daAuts
     D:6: 564 daAuts
  Temple: 61 daAuts
